Description

Mass marines iman

Replay - Sueño eterno EE (17)

Build Order

Get SALT Encoding   

  13  0:12  Supply Depot  
  12  0:22  SCV  
  12  0:25  Refinery  
  13  0:37  SCV  
  14  0:49  SCV  
  15  0:55  Barracks  
  15  1:01  SCV  
  16  1:13  SCV  
  17  1:25  SCV  
  17  1:28  Barracks  
  17  1:30  Supply Depot  
  18  1:37  SCV  
  19  1:45  Barracks Reactor  
  19  1:50  SCV  
  20  2:05  Command Center  
  20  2:11  SCV  
  21  2:16  Barracks Reactor  
  21  2:22  Marine x2  
  21  2:26  SCV  
  24  2:31  Supply Depot  
  24  2:40  Marine x2  
  26  2:52  Marine x2  
  26  2:58  Marine x2  
  28  2:59  Orbital Command  
  30  3:05  Supply Depot  
  30  3:09  Marine x2  
  37  3:38  Barracks  
  45  3:57  Supply Depot  
  54  4:30  Barracks Tech Lab  
  54  4:31  Refinery  
  55  4:33  Factory  
  67  5:05  Stimpack  
  70  5:21  Starport  
  70  5:22  Factory Tech Lab  
  70  5:29  Orbital Command  
  70  5:42  Siege Tank  
  82  6:12  Medivac  
  82  6:16  Barracks  
  86  6:23  Refinery  
  86  6:45  Combat Shield  
  86  6:55  Refinery  
  93  7:02  Starport Reactor  
  93  7:04  Barracks Reactor  
  93  7:10  Siege Tank  
  108  7:42  Siege Tank  
  108  7:43  Command Center  
  111  7:45  Medivac x2  
  118  7:53  Engineering Bay  
  125  8:16  Medivac  
Spawning Tool Build Advisor. Get it on Overwolf

Go to:

Details

  • Created by: ImanDMC
  • Published on: Apr 03, 2020
  • Modified on: Apr 03, 2020
  • Patch: 4.11.0
Show
View Real Time Build Order
Export as new Build Order

Comments (0)

There are no comments. Be the first!

Create an account to comment!